[Event "Early-Titled-Tuesday-Blitz-September-12-2023"]
[Site "Chess.com"]
[Date "2023.09.12"]
[Round "10"]
[White "FeketeBarika"]
[Black "vladgoncharov"]
[Result "0-1"]
[WhiteElo "2393"]
[BlackElo "2542"]
[TimeControl "180+1"]
[EndTime "9:57:00 PDT"]
[Termination "vladgoncharov won on time"]

1. Nf3 Nf6 2. g3 c5 3. Bg2 Nc6 4. c4 d6 5. Nc3 g6 6. O-O Bg7 7. d4 cxd4 8. Nxd4 Bd7 9. Nc2 O-O 10. Bg5 h6 11. Bf4 Qa5 12. Qd2 g5 13. Be3 Ng4 14.
h3 Nxe3 15. Nxe3 Rab8 16. Rfd1 Rfc8 17. Ned5 Kf8 18. a3 Ne5 19. b3 b5 20. Nxe7 Rd8 21. cxb5 Bxb5 22. Nf5 Nf3+ 23. Bxf3 Qxc3 24. Qd5 Qe5 25.
Nxg7 Qxd5 26. Rxd5 Kxg7 27. Rad1 Rb6 28. b4 Bc4 29. R5d4 Be6 30. Kg2 Kf6 31. e3 Ke7 32.
R1d2 a5 33. h4 axb4 34. axb4 gxh4 35. Rxh4 Rdb8 36. Rxh6 Rxb4 37. Rc2 Rb2 38. Rc7+ Kf8 39. Bh5 R2b7 40. Rxb7 Rxb7 41. Rf6 Kg7 42. Rf4 Rb6 43. Bf3 f5 44. Be2 Rb2 45. Bd3 Bd5+ 46. Kh3 Rd2 47. Bxf5 Rd1 48. Kg4 Rd2 49. e4 Bf7 50. Bd7 Rd4 51.
Kg5 Rc4 52. g4 Rc5+ 53. Kh4 Bg6 54. f3 Rc1 55. g5 Rh1+ 56. Bh3 Bf7 57. Rf6 d5 58. e5 Bg6 59. e6 d4 60. e7 Re1 0-1

[Event "Early-Titled-Tuesday-Blitz-September-12-2023"]
[Site "Chess.com"]
[Date "2023.09.12"]
[Round "10"]
[White "Zkid"]
[Black "DefiantChair"]
[Result "1-0"]
[WhiteElo "2884"]
[BlackElo "2681"]
[TimeControl "180+1"]
[EndTime "9:57:01 PDT"]
[Termination "Zkid won by resignation"]

1. e4 c5 2. Nf3 d6 3. d4 cxd4 4. Nxd4 Nf6 5. Nc3 a6 6. h3 e5 7. Nde2 h5 8. Bg5 Be6 9. g3 Be7 10. Bg2 Nc6 11. Qd2 Rc8 12. O-O Qc7 13. Rfd1 b5 14.
a3 Na5 15. b3 Nb7 16. b4 Nd8 17. Rac1 Bc4 18. Bxf6 Bxf6 19. Qxd6 Qxd6 20. Rxd6 Nc6 21. h4 Ke7 22. Rdd1 Nd4 23. Nxd4 exd4 24. Nd5+ Bxd5 25.
exd5 Rc3 26. Rd3 Rhc8 27. Re1+ Kd6 28. Bf3 g6 29. Be4 R8c7 30. Kg2 Bg7 31. Rxc3 Rxc3 32. Ra1 f5 33. Bd3 Kxd5 34. a4 Rc7 35. axb5 axb5 36.
Ra5 Rb7 37. Ra6 Bf8 38. Rxg6 Bxb4 39. Bxf5 Kc4 40. Rc6+ Bc5 41. Bd3+ Kd5 42. Rh6 b4 43. Rxh5+ Kd6 44. Rh6+ Kd5 45. Rh5+ Kd6 46. Bc4 Re7 47. Rd5+ Kc6 48. h5 Rg7 49. h6 Rh7 50. Rh5 Bf8 51. g4 Rxh6 52. Rxh6+ Bxh6 53. Kg3 Kc5 54. Bd3 Kd5 55.
f4 Bf8 56. g5 Ke6 57. Kg4 Bd6 58. Bc4+ Ke7 59. f5 Kf8 60. f6 Be5 61. Kf5 Bd6 62.
g6 1-0

[Event "Early-Titled-Tuesday-Blitz-September-12-2023"]
[Site "Chess.com"]
[Date "2023.09.12"]
[Round "10"]
[White "sokidze"]
[Black "Rickstereo"]
[Result "1-0"]
[WhiteElo "2784"]
[BlackElo "2611"]
[TimeControl "180+1"]
[EndTime "9:57:01 PDT"]
[Termination "sokidze won by checkmate"]

1. e4 e6 2. d4 d5 3. Nd2 dxe4 4. Nxe4 Nd7 5. Nf3 Ngf6 6. Nxf6+ Nxf6 7. g3 b6 8. Bb5+ Bd7 9. Be2 Bd6 10. Ne5 O-O 11. O-O c5 12. Nxd7 Qxd7 13. Bg5 Ne4 14. Be3 cxd4 15. Qxd4 Nf6 16. Rfd1 Rad8 17. Qh4 Qc7 18.
c3 Be7 19. Qa4 Nd5 20. Bd2 a5 21. Bf3 Rd7 22. Bf4 Qc8 23. Bxd5 exd5 24. Qb5 Bc5 25. b4 axb4 26. cxb4 Be7 27. Qxb6 Rb7 28. Qa5 Bxb4 29. Qxd5 Ra7 30. a4 Qa8 31. Qb5 Ba5 32. Rab1 h6 33. h4 Bd8 34. Bd6 Be7 35. Bxe7 Rxe7 36.
a5 Ra7 37. Ra1 Re8 38. Qb6 Rb8 39. Qc5 Rc8 40. Qe3 Re8 41. Qa3 Re5 42. a6 Re6 43.
Rd6 Ree7 44. Rb6 Qc8 45. Qa5 Rec7 46. Qb5 Rc5 47. Rb8 Rxb5 48. Rxc8+ Kh7 49. Rc2 Rb6 50. Rca2 Kg6 51. Kg2 Kf6 52. Ra5 h5 53. R1a3 g6 54. Rf3+ Kg7 55. Rfa3 Kf6 56. Ra2 Kg7 57. Kf3 Kf6 58. Ke3 Ke6 59. Kd4 Kd6 60. Rd5+ Kc6 61. Rc2# 1-0

[Event "Early-Titled-Tuesday-Blitz-September-12-2023"]
[Site "Chess.com"]
[Date "2023.09.12"]
[Round "10"]
[White "CFalcons8"]
[Black "zano2023"]
[Result "0-1"]
[WhiteElo "2298"]
[BlackElo "2113"]
[TimeControl "180+1"]
[EndTime "9:57:01 PDT"]
[Termination "zano2023 won on time"]

1. e4 e5 2. Nf3 d6 3. d4 f5 4. exf5 e4 5. Nfd2 Bxf5 6. Nc3 d5 7. f3 Nf6 8. fxe4 Nxe4 9. Ndxe4 Bxe4 10. Nxe4 dxe4 11.
Qh5+ Kd7 12. Qf5+ Ke8 13. Bc4 Qf6 14. Qxe4+ Qe7 15. Be6 c6 16. O-O Nd7 17. Bf4 Nf6 18. Qf5 Qb4 19. c3 Qb5 20. Qxb5 cxb5 21. Rae1 Be7 22.
d5 Bc5+ 23. Kh1 Kd8 24. Bg5 Rf8 25. Bh4 Bd6 26. g4 h6 27. g5 hxg5 28. Bxg5 Kc7 29. h4 Rae8 30. Kg2 Nh5 31. Rxf8 Rxf8 32. Rf1 Nf4+ 33.
Bxf4 Rxf4 34. Rxf4 Bxf4 35. Kf3 Bc1 36. b3 Kd6 37.
Ke4 Bb2 38. c4 bxc4 39. bxc4 b6 40. h5 a5 41. Kf5 Bc3 42. Kg6 Ke7 43. Kf5 Bd4 44.
Ke4 Bb2 45. Kd3 Bf6 46. Kc2 Be5 47. Kb3 Kf6 48. Ka4 Bd4 49. Kb5 Ke7 50. Kc6 Bc5 51. Bf5 Kf6 52. Bg6 Ke7 53. Kc7 a4 54. Bc2 a3 55.
Bg6 Bd6+ 56. Kxb6 Kd8 57. c5 Be5 58. Kb7 Bd4 59. c6 Be5 60. Bf5 Bc7 61. Bd7 Bd6 62.
Ka6 Kc7 63. Kb5 Be7 64. Kc4 Bd6 65. Kd4 Be7 66. Ke4 Bf6 67. Kf5 Be7 68. Ke6 Bd6 69. Be8 Bc5 70. Bg6 Bd6 71. Be4 Bc5 72. Ke5 Bd6+ 73.
Kf5 Bc5 74. Kg6 Bd4 0-1

[Event "Early-Titled-Tuesday-Blitz-September-12-2023"]
[Site "Chess.com"]
[Date "2023.09.12"]
[Round "10"]
[White "jcibarra"]
[Black "turayev_shahruh17"]
[Result "1/2-1/2"]
[WhiteElo "2931"]
[BlackElo "2822"]
[TimeControl "180+1"]
[EndTime "9:57:03 PDT"]
[Termination "Game drawn - insufficient material"]

1. e4 d5 2. exd5 Qxd5 3. Nc3 Qa5 4. d4 Nf6 5. Bd2 Nc6 6. Bb5 Qb4 7. d5 a6 8. Ba4 b5 9. Nxb5 Qxa4 10. Nxc7+ Kd8 11.
Nxa8 Nxd5 12. Ne2 Bd7 13. O-O Qb5 14. Nf4 Nxf4 15. Bxf4 Qb7 16. Bc7+ Ke8 17. Nb6 Qxc7 18. Nxd7 Qxd7 19. Qe2 e5 20. Qxa6 Bd6 21. Rad1 Ke7 22.
Rd2 Qc8 23. Qa4 Nd4 24. c3 Ne6 25. Rfd1 Rd8 26. Qh4+ g5 27. Qxh7 Qc4 28. a3 Qg4 29. h3 Qf4 30. g3 Qf3 31. Qd3 g4 32. hxg4 Ng5 33. Qf5 Rh8 34. Qxf3 Nxf3+ 35. Kg2 Nxd2 36. Rxd2 Ke6 37. c4 Rc8 38. Rc2 Ra8 39. Kf3 Bc5 40. Ke4 Bd4 41. f4 f6 42. c5 Ra4 43. c6 Bb6+ 44.
b4 Bc7 45. Rc3 Ra8 46. Rd3 Bd6 47. b5 Rxa3 48. Ke3 Rxd3+ 49. Kxd3 exf4 50. gxf4 Bxf4 51. b6 Kd6 52. c7 Kd7 53. Kc4 Kc8 54. Kd5 Kd7 55.
Ke4 Bh2 56. Kf5 Bg1 57. Kxf6 Bxb6 58. g5 Kxc7 59. Ke5 Ba5 60. Kd4 Kd7 61. g6 Bd8 62. g7 Bf6+ 63. Kd5 Bxg7 1/2-1/2

[Event "Early-Titled-Tuesday-Blitz-September-12-2023"]
[Site "Chess.com"]
[Date "2023.09.12"]
[Round "10"]
[White "Oleksandr_Bortnyk"]
[Black "hansen"]
[Result "1-0"]
[WhiteElo "3021"]
[BlackElo "2897"]
[TimeControl "180+1"]
[EndTime "9:57:05 PDT"]
[Termination "Oleksandr_Bortnyk won on time"]

1. e4 e5 2. Nf3 Nc6 3. Bb5 a6 4. Ba4 Nf6 5. Nc3 d6 6. Bxc6+ bxc6 7. d4 Nd7 8. dxe5 dxe5 9. O-O Bd6 10. Be3 O-O 11. h3 Qe8 12. Ne2 c5 13. b3 Bb7 14.
Ng3 Rd8 15. Nd2 Nb8 16. c3 f6 17. Nc4 Rf7 18. Qg4 Bf8 19. Rfd1 Rfd7 20. h4 h5 21. Qf3 Rxd1+ 22. Rxd1 Rxd1+ 23. Qxd1 g6 24. Na5 Ba8 25.
a4 Qd7 26. Qe2 Qe6 27. f3 Kf7 28. Qd3 Qd7 29. Qc4+ Qe6 30. Qd3 Qd7 31. Qe2 Qe6 32. Kf2 Nd7 33. Qd3 Qd6 34. Ke2 Be7 35. Qc4+ Qe6 36.
Kd3 Qxc4+ 37. Kxc4 Nb6+ 38. Kd3 Ke6 39. Bf2 Nd7 40. Nf1 f5 41. Nd2 Nb6 42. Ndc4 Nd7 43.
Nd2 Nb6 44. Bg3 Bf8 45. Be1 Be7 46. g3 Bf8 47. Bf2 Be7 48. Be3 Nd7 49. Bg5 Bxg5 50. hxg5 f4 51. Nf1 Nf8 52. b4 cxb4 53. cxb4 Nh7 54. Nb3 Nxg5 55. Nc5+ Kd6 56. Ke2 Bc6 57. gxf4 exf4 58. Nd2 Ne6 59. Nc4+ Ke7 60. Ne5 Nxc5 61. bxc5 Bxa4 62. Nxg6+ Kf6 63. Nxf4 Ke5 64. Ke3 Bb5 65. Nxh5 a5 66. f4+ Ke6 67. Kd4 a4 68. f5+ Ke7 69. f6+ 1-0

[Event "Early-Titled-Tuesday-Blitz-September-12-2023"]
[Site "Chess.com"]
[Date "2023.09.12"]
[Round "10"]
[White "Gareth-Bale11"]
[Black "JaloliddinIlkhomi"]
[Result "1-0"]
[WhiteElo "2778"]
[BlackElo "2623"]
[TimeControl "180+1"]
[EndTime "9:57:05 PDT"]
[Termination "Gareth-Bale11 won by resignation"]

1. e4 e6 2. d4 d5 3. Nd2 Nf6 4.
e5 Nfd7 5. Bd3 c5 6. c3 Nc6 7. Ne2 cxd4 8. cxd4 f6 9. exf6 Qxf6 10. Nf3 h6 11. O-O Bd6 12. Ng3 O-O 13. a3 Rf7 14.
Bc2 Nf8 15. Qd3 Bd7 16. Bd2 Be8 17. Rae1 Re7 18. Bc3 Bg6 19. Qd1 Rc8 20. Re2 Bxc2 21. Qxc2 b5 22. Rfe1 a5 23. Qd3 b4 24. Bd2 bxa3 25.
bxa3 Rec7 26. Ne5 Bxe5 27. dxe5 Qg6 28. Qe3 a4 29. f4 Ne7 30. Bb4 Nf5 31. Qd3 Nxg3 32.
Qxg3 Qxg3 33. hxg3 h5 34. g4 hxg4 35. Kf2 Ng6 36.
Kg3 Rc4 37. Rf1 d4 38. Kxg4 d3 39. Re3 Rd8 40. Bd6 Rd4 41. g3 Rc8 42. Rd1 Rc3 43.
Kf3 Kf7 44. Rd2 Ne7 45. Re4 Nf5 46. Rxd4 Nxd4+ 47. Ke4 Nf5 48. Bb4 Rb3 49. g4 Ng3+ 50. Kd4 Ne2+ 51. Ke3 Nc1 52. f5 exf5 53. gxf5 Na2 54.
Rxa2 g6 55. e6+ Kf6 56. e7 Kf7 57. fxg6+ Ke8 58. g7 d2+ 59. Kxd2 Kd7 60. g8=Q Kc7 61. e8=Q Kb6 62. Qge6+ Ka7 63. Q8d7+ 1-0

[Event "Early-Titled-Tuesday-Blitz-September-12-2023"]
[Site "Chess.com"]
[Date "2023.09.12"]
[Round "10"]
[White "kleopl"]
[Black "profedechess93"]
[Result "1-0"]
[WhiteElo "2542"]
[BlackElo "2642"]
[TimeControl "180+1"]
[EndTime "9:57:06 PDT"]
[Termination "kleopl won by resignation"]

1. e4 e6 2. d4 d5 3. e5 c5 4.
Qg4 Ne7 5. Nf3 Nf5 6. c3 cxd4 7.
cxd4 Qa5+ 8. Nc3 h5 9. Qf4 g6 10. h4 Nc6 11. Bb5 Bd7 12. Bxc6 bxc6 13. O-O Rb8 14.
a3 Rb3 15. Nd2 Bh6 16. Qh2 Rb8 17. Nf3 Bxc1 18. Rfxc1 Rxb2 19. Qf4 Rb3 20. Nd1 O-O 21. Rc5 Qb6 22. Rcc1 Rxf3 23. gxf3 Nxd4 24. Nc3 c5 25. Kg2 Qd8 26. Qg5 Nf5 27. Kh3 Kg7 28. Ne2 Qxg5 29. hxg5 Rc8 30. f4 d4 31. Rab1 a6 32. Rb6 Bb5 33. Ng3 Nxg3 34. Kxg3 d3 35. Kf3 d2 36.
Rd1 Rd8 37. Rd6 Rxd6 38. exd6 Bc6+ 39. Ke3 h4 40. f3 Kf8 41. Rxd2 Ke8 42. Rc2 Kd7 43.
Rxc5 Kxd6 44. Rc2 Bd5 45. Rh2 e5 46. Rxh4 exf4+ 47. Rxf4 Be6 48. Kd4 a5 49. Re4 a4 50.
f4 Bb3 51. Re5 Kd7 52. Ra5 Ke6 53. Ke4 Bc2+ 54. Ke3 Bb3 55. Ra6+ Ke7 56. Kd4 Kd7 57. Ke5 Kc7 58. Kf6 Kb7 59. Ra5 Kb6 60. Re5 Kc6 61. Re7 Kc5 62. Rxf7 Kc4 63. Rb7 Kc3 64. Kxg6 Bc2+ 65. Kh6 Be4 66. Rb4 Bc6 67. g6 1-0

[Event "Early-Titled-Tuesday-Blitz-September-12-2023"]
[Site "Chess.com"]
[Date "2023.09.12"]
[Round "10"]
[White "valemava"]
[Black "malakismayil"]
[Result "0-1"]
[WhiteElo "2319"]
[BlackElo "2514"]
[TimeControl "180+1"]
[EndTime "9:57:07 PDT"]
[Termination "malakismayil won by checkmate"]

1. c4 e5 2. a3 Nf6 3. b4 d6 4. Bb2 Be7 5. d4 exd4 6. Qxd4 O-O 7. Nf3 c5 8. Qd3 Nc6 9. b5 Nb8 10. g3 Be6 11. Bg2 d5 12. cxd5 Bxd5 13. Nc3 Be6 14. Qc2 Nbd7 15. O-O Qc7 16. a4 Nb6 17. Nd2 Rad8 18.
a5 Nbd5 19. Nxd5 Bxd5 20. e4 Be6 21. f4 Ng4 22. Qc3 f6 23. h3 Nh6 24. Nc4 Rd4 25. Ne3 Rfd8 26. Nd5 Bxd5 27. exd5 Qd7 28. b6 a6 29. Qf3 Rb4 30. Bc3 Rb3 31. Qd3 Bd6 32.
Qc4 Qb5 33. Qxb5 Rxb5 34. Rfe1 Nf5 35. Kh2 Rb3 36. Rac1 h5 37. Be4 Ne7 38. Kg2 h4 39. Re3 hxg3 40. Rf3 Kf7 41. Kxg3 g5 42. h4 gxf4+ 43. Kh3 f5 44. Bc2 Rxc3 45. Rxc3 Kf6 46. Rf3 Nxd5 47. Rd1 Ne3 48. Rd3 c4 49. Rd4 Ng4 50.
Rfxf4 Bxf4 51. Rxd8 Ne3 52. Ba4 c3 53. Rc8 Nd5 54.
Rc7 Bxc7 55. bxc7 Nxc7 56. Bb3 Nb5 57. h5 Kg5 58. Kg3 Nd4 59. h6 Kxh6 60. Bd1 c2 61. Bxc2 Nxc2 62. Kf4 Kg6 63. Ke5 Na3 64. Kd6 Nc4+ 65. Kc5 Nxa5 66. Kb4 Nc6+ 67. Kc5 f4 68. Kb6 f3 69. Kxb7 a5 70. Kxc6 a4 71. Kb5 a3 72.
Kc4 a2 73. Kd4 a1=Q+ 74. Kd3 f2 75. Ke4 f1=Q 76. Kd5 Qd3+ 77. Ke6 Qe1# 0-1

[Event "Early-Titled-Tuesday-Blitz-September-12-2023"]
[Site "Chess.com"]
[Date "2023.09.12"]
[Round "10"]
[White "karinachess1"]
[Black "Itk04"]
[Result "1/2-1/2"]
[WhiteElo "2618"]
[BlackElo "2750"]
[TimeControl "180+1"]
[EndTime "9:57:13 PDT"]
[Termination "Game drawn by repetition"]

1. d4 Nf6 2. c4 g6 3. g3 Bg7 4. Bg2 c5 5. d5 d6 6. Nc3 O-O 7. Nf3 e6 8. O-O exd5 9. cxd5 Re8 10.
Nd2 a6 11. a4 Nbd7 12. a5 b5 13. axb6 Nxb6 14. Nb3 Bf5 15. Na5 Qd7 16. Re1 Ne4 17. Bd2 Bd4 18. e3 Bg7 19. Nxe4 Bxe4 20. Bxe4 Rxe4 21.
f3 Ree8 22. Bc3 Qb5 23. Qd2 Bxc3 24. bxc3 Nc4 25. Nxc4 Qxc4 26. Ra5 Rab8 27. Rea1 Rb6 28. e4 Reb8 29. Qe1 Qd3 30. R5a2 Qxf3 31. Rf2 Qd3 32.
Rd1 Qxd1 33. Qxd1 Rb1 34. Rf1 Rxd1 35. Rxd1 Rb3 36. Ra1 Rb6 37. Ra5 Kg7 38. Kf2 Kf6 39. Ke3 Ke5 40. Kd3 h5 41. Ra1 f5 42. exf5 gxf5 43. Kc4 Rb2 44. Rxa6 Rxh2 45. Ra8 Ke4 46. Re8+ Kf3 47. Rf8 Kxg3 48. Rxf5 Rf2 49. Rxh5 Rf6 50.
Kb5 Kf4 51. c4 Ke4 52. Rh4+ Kd3 53. Kc6 Rg6 54. Rf4 Rh6 55. Rg4 Rf6 56. Rh4 Kc3 57. Kb5 Kd3 58. Rg4 Rh6 59. Rf4 Rg6 60. Rh4 Ke3 61. Kc6 Kd3 62. Kb5 Ke3 63. Kc6 Rf6 64.
Kb5 Kd3 1/2-1/2

[Event "Early-Titled-Tuesday-Blitz-September-12-2023"]
[Site "Chess.com"]
[Date "2023.09.12"]
[Round "10"]
[White "Rud_Makarian"]
[Black "ckgchess"]
[Result "1/2-1/2"]
[WhiteElo "2956"]
[BlackElo "2874"]
[TimeControl "180+1"]
[EndTime "9:57:17 PDT"]
[Termination "Game drawn - insufficient material"]

1. d4 Nf6 2. c4 e6 3. Nf3 b6 4.
g3 Ba6 5. b3 b5 6. cxb5 Bxb5 7.
Nc3 Bb4 8. Bd2 Bc6 9. Bg2 O-O 10. O-O Bxf3 11. Bxf3 d5 12. Na4 Bd6 13. Rc1 Nbd7 14.
e3 Rc8 15. b4 c6 16. Nc5 e5 17.
Nxd7 Qxd7 18. dxe5 Bxe5 19. Bc3 Bxc3 20. Rxc3 Qd6 21. Qd4 Rfe8 22. Rfc1 Ne4 23. Bxe4 Rxe4 24. Qxa7 Rxb4 25. Rxc6 Rxc6 26. Qa8+ Rb8 27. Qxc6 Qxc6 28. Rxc6 g6 29. Rc2 Kg7 30. Rd2 Ra8 31. Kf1 Kf6 32.
Ke1 Ke5 33. Ke2 Ra3 34. Kf3 h5 35. h4 f6 36. Kg2 Ke4 37. Rb2 Ke5 38. Kf1 g5 39.
hxg5 fxg5 40. Kg2 g4 41. Kf1 Ke4 42. Ke2 d4 43. exd4 Kxd4 44. Rb4+ Ke5 45. Rb5+ Ke4 46. Rb2 Ra4 47. Kd2 Kf3 48. Kc3 Kg2 49. Kb3 Ra8 50. a4 Rb8+ 51. Ka3 Rxb2 52. Kxb2 Kxf2 53. a5 h4 54.
gxh4 g3 55. a6 g2 56. a7 g1=Q 57. a8=Q Qg7+ 58. Ka2 Kg3 59. Qe4 Qg4 60. Qe1+ Kh3 61. Qh1+ Kg3 62. h5 Qe6+ 63. Ka3 Qh6 64. Kb4 Kg4 65.
Qd1+ Kg5 66. Qd5+ Kh4 67. Qh1+ Kg5 68. Qg2+ Kxh5 69. Qh3+ Kg6 70. Qxh6+ Kxh6 1/2-1/2

[Event "Early-Titled-Tuesday-Blitz-September-12-2023"]
[Site "Chess.com"]
[Date "2023.09.12"]
[Round "10"]
[White "Vision_64"]
[Black "HajiyevKanan"]
[Result "1-0"]
[WhiteElo "2377"]
[BlackElo "2508"]
[TimeControl "180+1"]
[EndTime "9:57:17 PDT"]
[Termination "Vision_64 won by checkmate"]

1. e4 c6 2. d4 d5 3. exd5 cxd5 4.
Bd3 Nc6 5. c3 Nf6 6. Bf4 g6 7. Nd2 Nh5 8. Bg5 Qc7 9. Ngf3 Bg7 10.
O-O O-O 11. Re1 Nf4 12. Bb5 Re8 13. Nf1 a6 14. Ba4 b5 15. Bc2 Bg4 16. Ne3 Bxf3 17. Qxf3 Ne6 18. Bh4 Qf4 19. Qxf4 Nxf4 20. Bg3 e5 21.
Bxf4 exf4 22. Nxd5 f3 23. gxf3 Rac8 24. Bb3 Kf8 25.
Re3 Bh6 26. f4 Na5 27. Nf6 Red8 28. Re4 Kg7 29. Ng4 Rc7 30. Nxh6 Kxh6 31. Rae1 Rdd7 32. Kg2 Nc4 33. Bxc4 bxc4 34. R1e2 Rb7 35. Kf3 Kg7 36. Re5 Kf6 37. Rc5 Rb6 38. Rxc4 Rdb7 39. b4 a5 40. a3 axb4 41. axb4 Ra7 42. Rc5 Ra3 43. Ke4 Re6+ 44. Kd3 Rb6 45. Kc4 h5 46. d5 Ra1 47.
Rc6+ Rxc6+ 48. dxc6 Ra7 49. b5 Ra4+ 50. Kc5 Rxf4 51.
c7 Rf3 52. Kb4 Rf4+ 53. c4 Rf3 54. c8=Q Rf5 55. Qd8+ Kg7 56. Qd4+ Kh6 57. c5 Kg5 58. c6 h4 59. c7 Kh5 60. c8=Q f6 61. Qh8+ Kg5 62.
Qe3+ Rf4+ 63. Qxf4+ Kxf4 64. Qxf6+ Kg4 65. Re4+ Kh3 66.
Qf3+ Kxh2 67. Rxh4+ Kg1 68. Rh1# 1-0

[Event "Early-Titled-Tuesday-Blitz-September-12-2023"]
[Site "Chess.com"]
[Date "2023.09.12"]
[Round "10"]
[White "Anton_Demchenko"]
[Black "The_Machine04"]
[Result "1/2-1/2"]
[WhiteElo "2928"]
[BlackElo "2699"]
[TimeControl "180+1"]
[EndTime "9:57:18 PDT"]
[Termination "Game drawn by repetition"]

1. e4 d6 2. d4 Nf6 3. Nc3 e5 4. dxe5 dxe5 5. Qxd8+ Kxd8 6. Bc4 Be6 7.
Bxe6 fxe6 8. f3 Bd6 9. Nh3 Ke7 10. Nd1 Nbd7 11. Nhf2 a6 12. Ne3 b5 13. Bd2 Nb6 14. b3 a5 15. Ke2 a4 16. Nd3 Nfd7 17.
Rhc1 axb3 18. axb3 Rxa1 19. Rxa1 Ra8 20. Rxa8 Nxa8 21.
c4 bxc4 22. Nxc4 Nab6 23. Na5 Nc5 24. Nc6+ Kf6 25. Nxc5 Bxc5 26. Bc3 Bd6 27. f4 Nd7 28. h4 Kg6 29. fxe5 Bc5 30. b4 Bb6 31. Kf3 h5 32. g4 Nf8 33. Bd2 Bg1 34. Bg5 hxg4+ 35. Kxg4 Kf7 36. h5 Bf2 37. Bd8 Bb6 38. Bh4 Be3 39. b5 Bb6 40. Bg5 Bc5 41. Kf3 Bb6 42.
Ke2 Bc5 43. Kd3 Bb6 44. Kc4 Bf2 45. Bd2 Bb6 46. Bb4 Ke8 47. Kd3 Nd7 48. Ke2 Bg1 49. Kf3 Bh2 50. Bc3 Bg1 51. Nb4 Bc5 52. Nc6 Bg1 53. Kg4 Bb6 54. Bd2 Nf8 55. Bg5 Kf7 56. Bh4 Bc5 57. Kf3 Bb6 58. Ke2 Bc5 59. Kd3 Bb6 60. Be7 Nd7 61. Ba3 Ke8 62. Kc4 Bg1 63.
Bc1 Bb6 64. Bf4 Bf2 65. Kb4 Bb6 66. Bg3 Nc5 67. Kc4 Nxe4 68. Bf4 Nc5 69. h6 gxh6 70. Bxh6 Nd7 71. Bf4 Nf8 72. Bg5 Ng6 73. Bf6 Kd7 74. Nb8+ Kc8 75. Nc6 Kd7 76. Kd3 Nf4+ 77. Kc4 Ng6 1/2-1/2

[Event "Early-Titled-Tuesday-Blitz-September-12-2023"]
[Site "Chess.com"]
[Date "2023.09.12"]
[Round "10"]
[White "Chessbard1972"]
[Black "Raskolnikov6"]
[Result "1/2-1/2"]
[WhiteElo "2446"]
[BlackElo "2274"]
[TimeControl "180+1"]
[EndTime "9:57:20 PDT"]
[Termination "Game drawn by stalemate"]

1. d4 d5 2. Nf3 e6 3. c4 Nf6 4.
Nc3 c5 5. cxd5 Nxd5 6. e3 cxd4 7. exd4 Nxc3 8. bxc3 Qc7 9. Bd2 b6 10. Bd3 Bb7 11. O-O Bd6 12. h3 Nd7 13. Qe2 O-O 14. c4 Rfe8 15. Bc3 e5 16. dxe5 Nxe5 17. Nxe5 Bxe5 18. Bxe5 Rxe5 19. Qg4 Qc5 20. h4 Rae8 21. Rad1 g6 22. Kh1 Be4 23. f3 h5 24. Qf4 Bxd3 25.
Rxd3 Re1 26. Rd1 Rxf1+ 27. Rxf1 Rc8 28. Rd1 Qc7 29. Qf6 Qxc4 30. Rd7 a5 31. a3 b5 32. Ra7 b4 33. Rxa5 Qc1+ 34. Kh2 Qc7+ 35. Qe5 Qxe5+ 36. Rxe5 bxa3 37. Ra5 Rc3 38. Kg3 Kg7 39.
Ra6 Kf8 40. Kf4 Ke7 41. Ke4 Rb3 42. Kd4 Rb4+ 43. Kc3 Rxh4 44. Rxa3 Rh2 45. Ra2 h4 46. Rd2 h3 47. gxh3 Rxh3 48. Rd3 Kf6 49. Kd4 Kf5 50. Ke3 f6 51. Rd5+ Ke6 52. Ra5 g5 53. Kf2 Rh2+ 54. Kg3 Rb2 55. Ra6+ Kf7 56. Ra7+ Kg6 57. Ra5 Rb3 58.
Kg2 f5 59. Ra6+ Kh5 60. Ra8 Rb2+ 61. Kh3 g4+ 62. fxg4+ fxg4+ 63. Kg3 Rb3+ 64. Kg2 Kh4 65. Rh8+ Kg5 66. Ra8 Kf4 67. Ra4+ Kg5 68. Ra8 Rb5 69. Rg8+ Kf4 70. Rf8+ Rf5 71. Rxf5+ Kxf5 72. Kg3 Kg5 73. Kg2 Kf4 74. Kf2 g3+ 75. Kg2 Kg4 76. Kg1 Kf3 77. Kf1 g2+ 78. Kg1 Kg3 1/2-1/2

[Event "Early-Titled-Tuesday-Blitz-September-12-2023"]
[Site "Chess.com"]
[Date "2023.09.12"]
[Round "10"]
[White "LamaChampetre"]
[Black "Gyulamiryan-koryun"]
[Result "1-0"]
[WhiteElo "2245"]
[BlackElo "2018"]
[TimeControl "180+1"]
[EndTime "9:57:20 PDT"]
[Termination "LamaChampetre won on time"]

1. d4 Nf6 2. c4 c5 3. d5 b5 4. cxb5 a6 5. bxa6 Bxa6 6. Nc3 g6 7.
e4 Bxf1 8. Kxf1 d6 9. g3 Bg7 10. Kg2 O-O 11. Nf3 Nbd7 12. h3 Qa5 13.
Re1 Rfb8 14. Re2 c4 15. Nd4 Re8 16. Nc6 Qa6 17. Be3 Nb8 18. Nb4 Qc8 19. Rc1 Nfd7 20. Bd4 Ne5 21. f4 Ned7 22. Bxg7 Kxg7 23. Qd4+ f6 24.
Nb5 Qb7 25. Qxc4 Nb6 26. Qc7 Qc8 27. Qxc8 Rxc8 28. Rxc8 Nxc8 29. Rc2 Nd7 30. Rc7 Ncb6 31. a3 Rc8 32. Rxc8 Nxc8 33. Nd3 Ncb6 34. b3 Kf7 35. Kf3 Ke8 36. Ke3 Kd8 37. Kd4 Kc8 38. a4 Kb7 39. a5 Nc8 40. b4 Ka6 41. Nc7+ Kb7 42. Ne6 Na7 43. Nf8 Nxf8 44. Kc4 Nd7 45. b5 Nc8 46. b6 Ka6 47. Kb4 Ncxb6 48. axb6 Kxb6 49. Kc4 h6 50. Kd4 h5 51. e5 f5 52. e6 Nf6 53. Nb4 Kc7 54. Nc6 Ng8 55. Ke3 Kb6 56. Kd4 Kb5 57.
Nd8 Kb4 58. Nf7 Kb3 59. Nh8 Nf6 60. Nxg6 Kc2 61. Nxe7 Kd2 62. Nxf5 Ke2 63. e7 Kf3 64. g4 h4 65. g5 1-0

[Event "Early-Titled-Tuesday-Blitz-September-12-2023"]
[Site "Chess.com"]
[Date "2023.09.12"]
[Round "10"]
[White "PLAYER_2006_M"]
[Black "Parhamov"]
[Result "0-1"]
[WhiteElo "2873"]
[BlackElo "3102"]
[TimeControl "180+1"]
[EndTime "9:57:22 PDT"]
[Termination "Parhamov won by resignation"]

1. d4 d5 2. Nc3 b6 3. Bf4 a6 4.
e3 Bb7 5. Nf3 Nd7 6. g4 c5 7.
Ne2 Ngf6 8. h3 e6 9. c3 b5 10. Bg2 b4 11. O-O a5 12. Ng3 h6 13. Rc1 Qb6 14. Ne5 Nxe5 15. Bxe5 Nd7 16. dxc5 Qxc5 17. cxb4 Qxb4 18. Bc3 Qb6 19. Nh5 Rg8 20. Bd4 Qd6 21. f4 Rb8 22. Qc2 g6 23. Nf6+ Nxf6 24. Bxf6 Bg7 25.
Qa4+ Kf8 26. Be5 Bxe5 27. fxe5 Qxe5 28. Rxf7+ Kxf7 29. Qd7+ Kf6 30. Rf1+ Qf5 31. gxf5 gxf5 32. Kf2 Bc8 33. Qh7 Rxb2+ 34. Kf3 Rbxg2 35. Qxh6+ Ke7 36. Qh4+ Kd6 37. Rf2 R2g7 38. Rb2 Bb7 39. Qd4 Bc6 40. Kf4 Rg1 41. Qe5+ Kd7 42. Rf2 Rc1 43. Qb2 Rc4+ 44. Ke5 Rb4 45. Qc3 Rc4 46. Qa3 Rb4 47. Qxa5 Re4+ 48.
Kf6 Rf8+ 49. Kg7 Ra8 50. Qc5 Rc4 51. Qb6 Rc8 52. Rb2 Rc7 53. Kg6 f4 54. Kf6 fxe3 55.
Qxe3 Re4 56. Qh6 d4 57. Qf8 Rf4+ 58. Kg7 Rxf8 59. Kxf8 e5 60. Re2 e4 61. Rd2 d3 62.
Rxd3+ exd3 0-1

[Event "Early-Titled-Tuesday-Blitz-September-12-2023"]
[Site "Chess.com"]
[Date "2023.09.12"]
[Round "10"]
[White "Aradhya2000"]
[Black "MrTattaglia"]
[Result "1/2-1/2"]
[WhiteElo "2708"]
[BlackElo "2894"]
[TimeControl "180+1"]
[EndTime "9:57:22 PDT"]
[Termination "Game drawn by repetition"]

1. d4 Nf6 2. c4 c5 3. d5 b5 4. cxb5 a6 5. b6 g6 6. Nc3 Bg7 7. d6 O-O 8. Nf3 Nc6 9. dxe7 Qxe7 10. e3 d5 11. Nxd5 Nxd5 12. Qxd5 Bb7 13. Qb3 Nb4 14.
Bd2 Rad8 15. Bxb4 cxb4 16. Bc4 Qd6 17. O-O Qxb6 18. Rfd1 Qf6 19. Nd4 a5 20. a3 Qg5 21.
g3 Qe7 22. axb4 axb4 23. Ra7 Rd7 24. Bb5 Rd6 25. Bc6 Bxd4 26. Rxb7 Qf6 27. Bd5 Bxb2 28.
Rxb4 Be5 29. Rb7 Kg7 30. Kg2 h5 31. f4 Bc3 32. e4 Rdd8 33. e5 Qa6 34. Bf3 Rxd1 35.
Qxd1 Ba5 36. Qe2 Qxe2+ 37. Bxe2 h4 38. Bc4 Bd8 39. e6 hxg3 40. hxg3 Re8 41. Rxf7+ Kh6 42.
Rd7 Be7 43. Rd5 g5 44. f5 Kg7 45. Bd3 Kf6 46. Rd7 Rd8 47. Rxd8 Bxd8 48. Kf3 Be7 49. g4 Bb4 50. Ke4 Be7 51. Kd5 Bd8 52. Kc6 Be7 53. Kd7 Ba3 54. Bc4 Be7 55. Bb3 Ba3 56. Ke8 Be7 57. Ba4 Ba3 58. Kd7 Be7 59. Bc2 Ba3 60.
Kc6 Be7 61. Kd5 Ba3 62. Kc6 Be7 63. Kd7 Ba3 64. Bd3 Be7 65. Bc4 Ba3 66. Bb5 Be7 67. Ba6 Ba3 68. Bc8 Be7 69. Ke8 Ba3 70. e7 Bxe7 71.
Be6 Ba3 72. Kd7 Be7 73. Bc4 Ba3 74. Bd3 Be7 75. Kc6 Ba3 76. Kd5 Bf8 77. Bc2 Be7 78. Ke4 Bf8 79. Bb3 Be7 80. Kd5 Bf8 81. Kc6 Be7 82.
Kd7 Ba3 83. Ke8 Be7 84. Kd7 Ba3 85. Bc4 Be7 86. Bb3 1/2-1/2